 Dungeon Crawl Stone Soup version 0.20-a0-1017-gc3250ce (webtiles) character file.

1561 HankScorpio the Basher (level 8, -4/66 HPs)
             Began as a Gargoyle Gladiator on Apr 18, 2017.
             Was a Believer of Lugonu.
             Slain by Joseph
             ... wielding a +0 quarterstaff
              (7 damage)
             ... on level 7 of the Dungeon.
             The game lasted 00:25:23 (7480 turns).

HankScorpio the Basher (Gargoyle Gladiator)         Turns: 7480, Time: 00:25:23

Health: -4/66      AC: 25    Str: 17 (20) XL:     8   Next: 89%
Magic:  8/8        EV:  2    Int:  8 (10) God:    Lugonu [**....]
Gold:   399        SH:  0    Dex:  9 (12) Spells: 7/7 levels left

rFire    . . .     SeeInvis .   b - +0 shortbow (curse)
rCold    . . .     Gourm    .   (shield currently unavailable)
rNeg     + + +     Faith    +   (armour currently unavailable)
rPois    ∞         Spirit   .   (helmet currently unavailable)
rElec    .         Reflect  .   (cloak currently unavailable)
rCorr    .         Harm     .   (gloves currently unavailable)
MR       +....     Clarity  +   (boots currently unavailable) Stlth +.........NoTele +
                                t - amulet of faith
Regen    0.3/turn               k - +1 ring of protection
MPRegen  0.2/turn               (no ring)

@: tree-form
A: clarity, magic resistance 1, negative energy resistance 1, strong 1,
petrification resistance, rot immunity, AC +5
a: Depart the Abyss, Bend Space, Renounce Religion


You were on level 7 of the Dungeon.
You worshipped Lugonu.
Lugonu was pleased with you.
You were not hungry.
You were a tree.
You visited 2 branches of the dungeon, and saw 9 of its levels.

You collected 399 gold pieces.

Inventory:

Hand Weapons
 a - a +0 flail
 b - a cursed +0 shortbow (weapon)
 o - a +1 falchion of holy wrath
Armour
 c - a +0 helmet
 p - a +0 plate armour (melded)
 y - a +0 cloak (melded)
 C - a +0 leather armour
Jewellery
 k - a +1 ring of protection (left branch)
 t - an amulet of faith (around neck)
Wands
 d - a wand of disintegration (0/24)
 g - a wand of enslavement (0/24)
 s - a wand of polymorph (10/24)
 u - a wand of paralysis (0/24)
 v - a wand of enslavement (0/24)
Scrolls
 i - a scroll of magic mapping
 j - 3 scrolls of identify
 m - a scroll of noise
Potions
 q - a potion of flight
 w - a potion of haste
 B - a potion of degeneration
Books
 r - Sif Muna's Collected Works on Transmutation
   (You found it on level 2 of the Dungeon)

   Spells                             Type                      Level
   a - Beastly Appendage              Transmutation                1
Comestibles
 f - 5 bread rations
 n - 4 royal jellies
 x - 4 fruits
 A - 3 meat rations


   Skills:
 - Level 2.1 Fighting
 + Level 11.0 Maces & Flails
 - Level 1.7 Throwing
 - Level 2.4 Dodging
 * Level 1.0 Invocations


You had 7 spell levels left.
You didn't know any spells.

Dungeon Overview and Level Annotations

Branches:
Dungeon (8/15)             Temple (1/1) D:5
   Lair: D:8-11

Altars:
Ashenzari
Cheibriados
Dithmenos
Elyvilon
Fedhas
Gozag
Hepliaklqana
Kikubaaqudgha
Makhleb
Nemelex Xobeh
Qazlal
Ru
Sif Muna
Trog
Vehumet
Wu Jian
Xom
Yredelemnul
The Shining One
Lugonu

Shops:
D:4 *   D:6 [

Annotations:
D:7 Joseph


Innate Abilities, Weirdness & Mutations

You are resistant to torment.
((Your stone body is resilient. (AC +5)))
You are immune to poison.
You resist negative energy. (rN+)
((You are resistant to electric shocks. (rElec)))
((You can survive without breathing.))
You are immune to petrification.
You are immune to rotting.
((You have a pair of small antennae on your head.))
You possess an exceptional clarity of mind.
((Your flesh is cold resistant. (rC+)))
You are resistant to hostile enchantments. (MR+)
Your muscles are strong. (Str +2)


Message History

Joseph is moderately wounded.
Joseph hits you but does no damage.
You closely miss Joseph.
Joseph is moderately wounded.
Joseph hits you with an uncursed quarterstaff!
* * * LOW HITPOINT WARNING * * *
Joseph hits you with an uncursed quarterstaff.
* * * LOW HITPOINT WARNING * * *
You clumsily bash Joseph but do no damage.
Joseph is moderately wounded.
Joseph hits you but does no damage.
You clumsily bash Joseph but do no damage.
Joseph is moderately wounded.
Joseph hits you but does no damage.
You clumsily bash Joseph but do no damage.
Joseph is moderately wounded.
Joseph hits you with an uncursed quarterstaff.
* * * LOW HITPOINT WARNING * * *
Joseph hits you with an uncursed quarterstaff!
You die...

,* #..## ##.@###§§# ** #.##
##.##.##§##### *###**
##.####_##.##§##...#
,.<..###$....###.##@##.##)#
,.............##.(§#...##.#
,##.###......%.##########.#
,*#......########..##.###.#
*##..###.# #..#*#.....#
#..#*##.# ##♣####.#####
##..###..# #@.# #..#
..K.....## ###.####.##
..##.....####...# #..#
.####(##...##.### #.##
...##.#*##.#..# #.#
##....####..(## #.#
#>..(..$(..(.# #.#
##.##(((%..(#.### #.#


You could see Joseph.

Vanquished Creatures
  The ghost of edsrzf the Stinger, a novice GnVM (D:6)
  2 sky beasts (D:5)
  3 ogres (D:4)
  A centaur (D:6)
  A bullfrog (D:6)
  A scorpion (D:6)
  A crimson imp (D:7)
  A jelly (D:6)
  A hound (D:5)
  An orc priest (D:4)
  Ijyb (D:3)
  An orc wizard (D:4)
  8 worker ants
  7 adders
  3 gnolls (D:5)
  A shadow imp (D:6)
  2 worms
  A dart slug (D:2)
  7 leopard geckos
  14 orcs
  3 ball pythons
  3 giant cockroaches
  13 goblins
  7 hobgoblins
  12 jackals (D:3)
  10 kobolds
  2 quokkas (D:6)
  6 bats
  6 frilled lizards
  A leopard gecko skeleton (D:6)
  2 quokka skeletons
  6 rats
129 creatures vanquished.

Vanquished Creatures (collateral kills)
  A necrophage (D:7)
  An orc wizard (D:6)
  2 orcs (D:8)
  A kobold (D:7)
5 creatures vanquished.

Vanquished Creatures (others)
  2 kobolds (D:7)
  An orc (D:8)
3 creatures vanquished.

Grand Total: 137 creatures vanquished

Notes
Turn   | Place    | Note
-------+----------+-------------------------------------------
     0 | D:1      | HankScorpio the Gargoyle Gladiator began the quest for the Orb.
     0 | D:1      | Reached XP level 1. HP: 12/12 MP: 1/1
   119 | D:1      | Reached XP level 2. HP: 17/17 MP: 2/2
   465 | D:1      | Reached skill level 4 in Maces & Flails
   529 | D:1      | Reached XP level 3. HP: 17/21 MP: 3/3
  1108 | D:2      | Found an ornate altar of the Wu Jian Council.
  1293 | D:2      | Found a deep blue altar of Sif Muna.
  1293 | D:2      | Found an ancient bone altar of Kikubaaqudgha.
  1295 | D:2      | Found a radiant altar of Vehumet.
  1301 | D:2      | Reached XP level 4. HP: 16/26 MP: 4/4
  1309 | D:2      | Identified Sif Muna's Collected Works on Transmutation
  1495 | D:3      | Reached skill level 5 in Maces & Flails
  1692 | D:3      | Found a stormy altar of Qazlal.
  1722 | D:3      | Paralysed by a goblin for 4 turns
  1730 | D:3      | Paralysed by a goblin for 2 turns
  1738 | D:3      | Paralysed by a goblin for 2 turns
  2024 | D:3      | Noticed Ijyb
  2073 | D:3      | Killed Ijyb
  2073 | D:3      | Reached XP level 5. HP: 30/30 MP: 5/5
  2091 | D:3      | You fall through a shaft for 2 floors!
  2091 | D:5      | Entered Level 5 of the Dungeon
  2175 | D:4      | Reached skill level 6 in Maces & Flails
  2506 | D:4      | Noticed an ogre
  2515 | D:4      | Killed an ogre
  2515 | D:4      | Reached XP level 6. HP: 21/35 MP: 6/6
  2664 | D:4      | Reached skill level 7 in Maces & Flails
  2959 | D:4      | Found an opulent altar of Gozag.
  2961 | D:4      | Found Gozag's Platinum Reserve.
  3375 | D:4      | You fall through a shaft for 3 floors!
  3375 | D:7      | Noticed Joseph
  3421 | D:7      | Found a hazy altar of Hepliaklqana.
  3732 | D:6      | Noticed edsrzf's ghost (novice GnVM)
  3735 | D:6      | Noticed a sky beast
  3891 | D:5      | Reached XP level 7. HP: 30/40 MP: 7/7
  4166 | D:4      | Reached skill level 8 in Maces & Flails
  4667 | D:5      | Found a staircase to the Ecumenical Temple.
  4702 | Temple   | Entered the Ecumenical Temple
  4801 | Temple   | Became a worshipper of Lugonu the Unformed
  4801 | Temple   | Reached * piety under Lugonu
  5118 | D:5      | Reached skill level 9 in Maces & Flails
  5125 | D:5      | Gained mutation: You are resistant to hostile enchantments. (MR+) [mutagenic meat]
  5126 | D:5      | Gained mutation: Your muscles are strong. (Str +2) [mutagenic meat]
  5127 | D:5      | Gained mutation: You have a pair of small antennae on your head. [mutagenic meat]
  5128 | D:5      | Gained mutation: Your flesh is cold resistant. (rC+) [mutagenic meat]
  5129 | D:5      | Gained mutation: You possess an exceptional clarity of mind. [mutagenic meat]
  5400 | D:5      | Reached XP level 8. HP: 40/44 MP: 8/8
  5444 | D:6      | Killed edsrzf's ghost
  5444 | D:6      | Reached skill level 10 in Maces & Flails
  5625 | D:6      | Found a blossoming altar of Fedhas.
  5916 | D:6      | Found a white marble altar of Elyvilon.
  6095 | D:6      | Reached skill level 11 in Maces & Flails
  6261 | D:6      | Found Haismi's Antique Armour Shoppe.
  6743 | D:7      | Reached ** piety under Lugonu
  7398 | D:8      | Found an opulent altar of Gozag.
  7404 | D:8      | Noticed a hornet
  7427 | D:7      | Reached skill level 1 in Invocations
  7428 | D:7      | Found a basalt altar of Yredelemnul.
  7428 | D:7      | Found a sparkling altar of Nemelex Xobeh.
  7460 | D:7      | HP: 2/44 [disintegration (14)]
  7480 | D:7      | HP: 3/66 [Joseph/uncursed quarterstaff (2)]
  7480 | D:7      | Slain by Joseph

Vault maps used:
D:1:      mainiacjoe_arrival_reflecting_pool, minmay_close_crescents
D:2:      grunt_temple_overflow_magic_moments, lemuel_doored_altar
D:3:      lemuel_crystal_altar, uniq_iyjb
D:4:      nicolae_gozag_zags_fifth_avenue
D:5:      minmay_temple_entry_steel_oval, first_bread, due_unseen_surprise
D:6:      nicolae_overflow_crystal_walls, elyvilon_altar_5,
          kennysheep_small_square
D:7:      marbit_many_paths, okawaru_altar_gauntlet_db,
          gammafunk_temple_overflow_statue, zin_statuary, kennysheep_little_box,
          lemuel_mausoleum_altar_yredelemnul, uniq_joseph
D:8:      lemuel_crystal_altar, serial_shops, shop, shop, st_stairs_7
Temple:   corrupted_temple

Skill      XL: |  1  2  3  4  5  6  7  8 |
---------------+-------------------------+-----
Maces & Flails | 4 5 6 7 9 11 | 11.0
Invocations    | 1 |  1.0
Fighting       | |  2.1
Throwing       | |  1.7
Dodging        | |  2.4

Action                   |  1- 3 |  4- 6 |  7- 9 || total
-------------------------+-------+-------+-------++-------
Melee: Flail             |   101 |       |   247 ||   348
       Falchion          |    24 |   359 |       ||   383
       Shortbow          |       |       |   104 ||   104
 Fire: Shortbow          |       |       |    46 ||    46
Throw: Throwing net      |       |       |     3 ||     3
Invok: Bend Space        |       |       |     3 ||     3
Evoke: Wand              |       |       |    14 ||    14
  Use: Potion            |       |     3 |     7 ||    10
       Scroll            |       |     8 |     1 ||     9
 Stab: Sleeping          |     1 |       |       ||     1
  Eat: Chunk             |       |    10 |    14 ||    24
       Bread ration      |       |       |     1 ||     1
Armor: Leather armour    |    44 |       |       ||    44
       Plate armour      |     9 |   455 |   355 ||   819
       Skin              |       |       |     7 ||     7
Dodge: Dodged            |    65 |   140 |   151 ||   356
       Rpst.: Falchion   |     2 |    43 |       ||    45
